 Dungeon Crawl Stone Soup version 0.26.1-2-gb8aa6d0cf2 (webtiles) character file.

Game seed: 14471306283337259373

17458 CryoSword the Fighter (level 12, -15/136 HPs)
             Began as an Ogre Berserker on Feb 9, 2021.
             Was a High Priest of Trog.
             Demolished by a boulder beetle (45 damage)
             ... on level 11 of the Dungeon.
             The game lasted 00:33:32 (9615 turns).

CryoSword the Fighter (Ogre Berserker)              Turns: 9615, Time: 00:33:34

Health: -15/136    AC: 10    Str: 25    XL:     12   Next: 48%
Magic:  12/12      EV: 14    Int:  8    God:    Trog [*****.]
Gold:   48         SH:  0    Dex: 11    Spells: 11/11 levels left

rFire    . . .     SeeInvis .   d - +2 whip (elec)
rCold    . . .     Faith    .   (no shield)
rNeg     . . .     Spirit   .   w - +0 steam dragon scales
rPois    .         Reflect  .   C - +2 hat {Will+}
rElec    .         Harm     .   x - +1 cloak
rCorr    .         Rampage  .   (gloves unavailable)
Will     +++..                  (boots unavailable)
Stlth    +.........             t - amulet of regeneration
HPRegen  0.72/turn              i - ring of willpower
MPRegen  0.13/turn              (no ring)

@: berserk cooldown
A: large, unfitting armour, tough skin 1
a: Renounce Religion, Berserk, Trog's Hand, Brothers in Arms


You were on level 11 of the Dungeon.
You worshipped Trog.
Trog was extremely pleased with you.
You visited 1 branch of the dungeon, and saw 11 of its levels.

You collected 618 gold pieces.
You spent 570 gold pieces at shops.

Inventory:

Hand Weapons
 d - a +2 whip of electrocution (weapon)
   (You found it on level 1 of the Dungeon)
 y - a +1 giant spiked club
   (You took it off an ogre on level 6 of the Dungeon)
Missiles
 h - 109 arrows
 o - 9 boomerangs (quivered)
 z - 5 large rocks
Armour
 w - +0 steam dragon scales (worn)
   (You found it on level 9 of the Dungeon)
 x - a +1 cloak (worn)
   (You found it on level 4 of the Dungeon)
 C - a +2 hat of willpower (worn)
   (You took it off Gastronok on level 10 of the Dungeon)
Jewellery
 i - a ring of willpower (left hand)
   (You found it on level 1 of the Dungeon)
 t - an amulet of regeneration (around neck)
   (You found it on level 3 of the Dungeon)
Wands
 b - a wand of flame (23)
   (You found it on level 9 of the Dungeon)
 F - a wand of iceblast (9)
   (You took it off an orc priest on level 10 of the Dungeon)
 G - a wand of disintegration (15)
   (You took it off Psyche on level 10 of the Dungeon)
Scrolls
 e - a scroll of enchant armour
 l - a scroll of teleportation {@r4}
 n - 3 scrolls of enchant weapon
 p - 2 scrolls of noise {unknown}
 r - a scroll of fear
 s - 3 scrolls of magic mapping
 v - 2 scrolls of amnesia {unknown}
 B - 2 scrolls of remove curse {@r2}
 D - a scroll of identify {@r1}
 E - a scroll of brand weapon {unknown}
 H - a scroll of blinking {unknown}
Potions
 a - 2 potions of invisibility
 c - 10 potions of curing {@q1}
 f - 3 potions of lignification {!q}
 g - 2 potions of magic
 j - a potion of ambrosia
 k - 4 potions of attraction {!q}
 m - 2 potions of might
 q - 6 potions of heal wounds {@q2}
 u - 2 potions of cancellation
 A - 4 potions of flight


   Skills:
 + Level 13.2 Fighting
 * Level 12.9 Maces & Flails
 + Level 2.2 Armour
 + Level 9.6 Dodging


You had 11 spell levels left.
You didn't know any spells.
Your spell library was empty.

Dungeon Overview and Level Annotations

Branches:
Dungeon (11/15)            Temple (0/1) D:4            Lair (0/6) D:10
    Orc (0/2) D:11

Altars:
Ashenzari
Dithmenos
Elyvilon
Kikubaaqudgha
Qazlal
Ru
Sif Muna
Trog

Shops:
D:8 [   D:9 *   D:10 *   D:11 ?


Innate Abilities, Weirdness & Mutations

You are too large for most types of armour.
You have tough skin. (AC +1)


Message History

You hit the ogre.
You are no longer berserk.
You are exhausted.
You feel yourself slow down.
The gnoll sergeant hits you from afar with a +4 spear of freezing!
The gnoll sergeant freezes you. The orc completely misses you.
The ogre hits you with a +0 giant club!!
The gnoll sergeant hits you from afar with a +0 trident!
* * * LOW HITPOINT WARNING * * *
You hit the orc. The orc barely misses you. The orc barely misses you.
You feel the effects of Trog's Hand fading.
You hit the orc. You barely miss the orc. The orc closely misses you.
You hit the orc. The orc closely misses you. The gnoll sergeant misses you.
The orc misses you.
Your skin stops crawling.
You feel less strong-willed. The orc hits you.
The gnoll sergeant hits you from afar with a +4 spear of freezing.
The gnoll sergeant freezes you. The orc closely misses you.
The gnoll sergeant hits you from afar with a +4 spear of freezing!
The gnoll sergeant freezes you.
You see here a whip.
The orc closely misses you. The orc misses you.
The gnoll sergeant hits you but does no damage.
The orc hits you but does no damage. The gnoll sergeant barely misses you.
The orc closely misses you.
The gnoll sergeant hits you from afar with a +4 spear of freezing!
The gnoll sergeant freezes you. The orc closely misses you. The orc hits you.
The orc closely misses you.
The gnoll sergeant hits you but does no damage.
The ogre hits you with a +0 giant club!!
* * * LOW HITPOINT WARNING * * *
The orc misses you. The orc hits you but does no damage.
You feel yourself speed up. The orc closely misses you.
The gnoll sergeant hits you from afar with a +4 spear of freezing.
* * * LOW HITPOINT WARNING * * *
The gnoll sergeant freezes you.
* * * LOW HITPOINT WARNING * * *
Things that are here:
a +0 robe; a +0 dagger
Things that are here:
a +0 giant club; a +0 giant spiked club You see here a +0 giant club.
A boulder beetle comes into view.
The orc hits you but does no damage.
You recover from your berserk rage.
There is a stone staircase leading up here.
There are monsters nearby!
The orc closely misses you.
You don't know any spells.
The orc hits you but does no damage. The ogre closely misses you.
You climb upwards.
There is a stone staircase leading down here.
You whack the orc!
You kill the orc!
Trog accepts your kill.
You start resting.
You climb downwards.
The ogre misses you.
There is a stone staircase leading up here.
You hit the ogre. Lightning courses through the ogre!!
You kill the ogre!
Trog accepts your kill. The gnoll sergeant closely misses you.
The gnoll sergeant hits you with a +4 spear of freezing.
The gnoll sergeant freezes you. The boulder beetle bites you.
You see here a +0 giant club.
A red film seems to cover your vision as you go berserk!
You feel yourself moving faster!
You feel mighty!
The gnoll sergeant hits you with a +0 trident.
The gnoll sergeant hits you with a +4 spear of freezing.
The gnoll sergeant freezes you.
The boulder beetle leaps!
You barely miss the gnoll sergeant. The gnoll sergeant closely misses you.
The gnoll sergeant barely misses you.
You whack the gnoll sergeant! You whack the gnoll sergeant!
Lightning courses through the gnoll sergeant!
You feel the power of Trog in you as your rage grows.
You kill the gnoll sergeant!
Trog accepts your kill.
You hit the gnoll sergeant but do no damage.
The gnoll sergeant barely misses you.
You hit the gnoll sergeant but do no damage.
You hit the gnoll sergeant. You whack the gnoll sergeant!
Lightning courses through the gnoll sergeant!!
You kill the gnoll sergeant!
Trog accepts your kill.
You whack the orc! Lightning courses through the orc!
You kill the orc!
Trog accepts your kill.
There is a stone staircase leading up here.
You hit the boulder beetle. You whack the boulder beetle!
The boulder beetle completely misses you.
You hit the boulder beetle but do no damage.
You whack the boulder beetle!
You hit the boulder beetle but do no damage.
The boulder beetle leaps!
You feel a strong urge to attack something.
The boulder beetle curls into a ball and begins rolling!
You feel your anger nearly subside.
You are no longer berserk.
You are exhausted.
You feel yourself slow down. The boulder beetle closely misses you.
The boulder beetle stops rolling and uncurls.
You hit the boulder beetle but do no damage.
The boulder beetle closely misses you.
You whack the boulder beetle! You whack the boulder beetle!
Lightning courses through the boulder beetle!
The boulder beetle bites you!
You hit the boulder beetle but do no damage.
The boulder beetle bites you but does no damage.
You hit the boulder beetle but do no damage.
The boulder beetle leaps!
You hit the boulder beetle but do no damage.
The boulder beetle bites you.
You hit the boulder beetle. The boulder beetle bites you!
You whack the boulder beetle! The boulder beetle bites you!!
You hit the boulder beetle.
Lightning courses through the boulder beetle!
You hit the boulder beetle but do no damage.
The boulder beetle bites you!!
* * * LOW HITPOINT WARNING * * *
You hit the boulder beetle but do no damage.
The boulder beetle barely misses you.
You hit the boulder beetle but do no damage.
The boulder beetle bites you!
* * * LOW HITPOINT WARNING * * *
You hit the boulder beetle but do no damage.
You hit the boulder beetle but do no damage.
The boulder beetle bites you!!
* * * LOW HITPOINT WARNING * * *
You hit the boulder beetle but do no damage.
The boulder beetle misses you.
The boulder beetle leaps!
The boulder beetle curls into a ball and begins rolling!
There is a stone staircase leading up here.
You feel yourself speed up. The boulder beetle hits you!!!
You die...

.....# #.#....#.#.#.#.# .....#
#.#...##.#.#.#.# .....#
#.#......#.#.#.# .....#
#.##.#.###.#.#.####### .....#
#.##..................
.....####.#####..#.#.#.#######
#..............))#.#.#.######
#........######[)#.#.#......#
#........#....#.@#.#.######.#
###.######....##B#.#.# #.#
#.#...........°..#.# #.#
#......#....##°..#.# #.#
#......#....##°....# #.#
#......#....##..#########.#
#......#....##............#
#......#......#..##########
...#.####...........#


You could see a boulder beetle.

Vanquished Creatures
  Gastronok (D:10)
  Snorg (D:10)
  A boulder beetle (D:11)
  Erica (D:11)
  3 two-headed ogres
  Nergalle (D:10)
  Pikel (D:5)
  2 unseen horrors
  A deep elf mage (D:7)
  A cyclops (D:11)
  An ugly thing (D:11)
  Psyche (D:10)
  3 kobold demonologists (D:11)
  2 trolls
  A vampire (D:11)
  2 steam dragons (D:9)
  6 yaks (D:10)
  3 wargs (D:10)
  A water moccasin (D:11)
  5 orc warriors
  2 ice beasts
  2 necrophages
  7 ogres
  2 phantoms
  7 centaurs
  A lemure (D:5)
  7 big kobolds
  5 bullfrogs
  3 gnoll sergeants (D:11)
  9 killer bees
  2 scorpions (D:5)
  A vampire bat (D:3)
  6 howler monkeys
  3 jellies
  A centaur zombie (D:10)
  11 orc priests
  3 hounds
  2 bullfrog skeletons (D:11)
  A quasit (D:9)
  A centaur skeleton (D:7)
  10 orc wizards
  3 iguanas
  7 worker ants
  2 hound skeletons
  4 gnolls
  2 howler monkey skeletons (D:4)
  12 adders
  5 white imps
  2 ufetubi (D:9)
  3 oozes
  An adder zombie (D:7)
  6 worms
  4 leopard geckos
  49 orcs
  3 ball pythons
  3 giant cockroaches
  7 goblins
  6 hobgoblins
  22 jackals
  11 kobolds
  4 quokkas
  16 bats
  2 frilled lizards
  12 rats
310 creatures vanquished.

Notes
Turn   | Place    | Note
-------+----------+-------------------------------------------
     0 | D:1      | CryoSword the Ogre Berserker began the quest for the Orb.
     0 | D:1      | Reached XP level 1. HP: 24/24 MP: 1/1
    69 | D:1      | Reached XP level 2. HP: 28/32 MP: 2/2
   427 | D:2      | Reached XP level 3. HP: 35/40 MP: 3/3
   473 | D:2      | Reached ** piety under Trog
   825 | D:2      | Reached skill level 1 in Armour
  1020 | D:2      | Reached XP level 4. HP: 49/49 MP: 4/4
  1525 | D:3      | Reached XP level 5. HP: 55/55 MP: 5/5
  1636 | D:3      | Reached skill level 5 in Fighting
  2044 | D:3      | Reached XP level 6. HP: 66/66 MP: 6/6
  2342 | D:4      | Reached skill level 5 in Maces & Flails
  2344 | D:4      | Reached XP level 7. HP: 74/74 MP: 7/7
  2348 | D:4      | Reached *** piety under Trog
  2475 | D:4      | Reached skill level 6 in Fighting
  2531 | D:4      | Found a staircase to the Ecumenical Temple.
  2846 | D:5      | Entered Level 5 of the Dungeon
  2849 | D:5      | Found a broken altar of Ashenzari.
  3024 | D:5      | Noticed Pikel
  3039 | D:5      | Killed Pikel
  3040 | D:5      | Reached skill level 7 in Fighting
  3040 | D:5      | Reached XP level 8. HP: 87/87 MP: 8/8
  3096 | D:5      | Reached skill level 5 in Dodging
  3230 | D:5      | Found a sacrificial altar of Ru.
  3426 | D:5      | Found a shimmering blue altar of Sif Muna.
  4289 | D:6      | Reached skill level 8 in Fighting
  4289 | D:6      | Reached XP level 9. HP: 89/96 MP: 9/9
  4791 | D:6      | Reached **** piety under Trog
  5033 | D:7      | Reached skill level 9 in Fighting
  5149 | D:7      | Noticed a deep elf mage
  5168 | D:7      | Killed a deep elf mage
  5337 | D:7      | Reached XP level 10. HP: 104/109 MP: 10/10
  5501 | D:7      | Found an ancient bone altar of Kikubaaqudgha.
  5825 | D:8      | Found a stormy altar of Qazlal.
  6028 | D:8      | Reached skill level 10 in Fighting
  6099 | D:8      | Found a shadowy altar of Dithmenos.
  6100 | D:8      | Found a white marble altar of Elyvilon.
  6180 | D:8      | Found Luzuj's Antique Armour Shoppe.
  6217 | D:8      | Bought a runed robe for 81 gold pieces
  6217 | D:8      | Bought a glowing scarf for 176 gold pieces
  6217 | D:8      | Bought an embroidered robe for 81 gold pieces
  6326 | D:8      | Noticed a two-headed ogre
  6351 | D:8      | Killed a two-headed ogre
  6352 | D:8      | Reached skill level 10 in Maces & Flails
  6460 | D:8      | Found a bloodstained altar of Trog.
  6814 | D:9      | Found Gaohufor's Assorted Antiques.
  6823 | D:9      | Bought a scroll labelled HAINEF YTOBB for 30 gold pieces
  6823 | D:9      | Bought a scroll of remove curse for 90 gold pieces
  6982 | D:9      | Reached ***** piety under Trog
  7573 | D:10     | Entered Level 10 of the Dungeon
  7573 | D:10     | Noticed Gastronok
  7592 | D:10     | Killed Gastronok
  7593 | D:10     | Reached skill level 11 in Fighting
  7593 | D:10     | Reached XP level 11. HP: 99/120 MP: 11/11
  7681 | D:10     | Found a white marble altar of Elyvilon.
  7683 | D:10     | Found Sucvoucot's Hallowed Reliquary.
  7683 | D:10     | Noticed an angel
  7836 | D:10     | Found a staircase to the Lair.
  7870 | D:10     | Identified the +2 robe of Ohid {rElec rPois rF- Int+8}
  7925 | D:10     | Noticed Psyche
  7932 | D:10     | Killed Psyche
  7987 | D:10     | Noticed Snorg
  8014 | D:10     | Killed Snorg
  8174 | D:10     | Noticed a two-headed ogre
  8182 | D:10     | Killed a two-headed ogre
  8183 | D:10     | Reached skill level 12 in Fighting
  8340 | D:10     | Killed an unseen horror
  8450 | D:10     | Noticed Nergalle
  8463 | D:10     | Killed Nergalle
  8612 | D:10     | Bought a potion of curing for 42 gold pieces
  8612 | D:10     | Bought a potion of heal wounds for 70 gold pieces
  8655 | D:11     | Noticed a boulder beetle
  8662 | D:11     | Killed a boulder beetle
  8736 | D:11     | Killed an unseen horror
  8737 | D:11     | Reached XP level 12. HP: 133/133 MP: 12/12
  8777 | D:11     | Noticed a two-headed ogre
  8788 | D:11     | Killed a two-headed ogre
  8978 | D:11     | Noticed Erica
  9030 | D:11     | Killed Erica
  9031 | D:11     | Reached skill level 13 in Fighting
  9117 | D:11     | Found Goscheus's Magic Scroll Shoppe.
  9369 | D:11     | Found a staircase to the Orcish Mines.
  9472 | D:11     | Noticed a boulder beetle
  9615 | D:11     | Demolished by a boulder beetle

Illustrated notes

Levels and vault maps discovered:
D:1:      wander_arrival_estate, layout_rooms, minmay_misc_feat_tower
D:2:      layout_rooms, minmay_puff
D:3:      minmay_evil_eye, layout_rooms, roderic_batcave
D:4:      layout_cave_pools, minmay_temple_entry_waves, st_stairs_5,
          dk_vineyard_2, hangedman_abyss_or_decor_passed
D:5:      layout_layer_cave, overflow_temple_1_default, evilmike_ruin_ashenzari,
          lemuel_blue_sif_altar, uniq_pikel
D:6:      layout_rooms
D:7:      layout_rooms, minivault_22, david_defended_altar_elf
D:8:      layout_basic, kennysheep_mini_moat, gammafunk_temple_overflow_statue,
          nicolae_qazlal_style_of_elements, serial_shops, shop
D:9:      layout_stronghold, serial_shops, nicolae_shop_waterfront
D:10:     layout_roguey, erik_lair_orcish_takeover, nicolae_good_shop,
          uniq_gastronok, uniq_psyche, uniq_snorg, uniq_nergalle
D:11:     layout_basic, kennysheep_orc_monster_closet_entryway, serial_shops,
          shop, uniq_erica, uniq_maurice

Skill      XL: |  1  2  3  4  5  6  7  8  9 10 11 12 |
---------------+-------------------------------------+-----
Maces & Flails | 3 4 5 6 7 9 11 12 | 12.9
Dodging        | 3 4 5 6 8 9 |  9.6
Armour         | 1 2 |  2.2
Fighting       | 5 7 8 9 11 12 13 | 13.2

Action                   |  1- 3 |  4- 6 |  7- 9 | 10-12 || total
-------------------------+-------+-------+-------+-------++-------
Melee: Mace              |     7 |       |       |       ||     7
       Whip              |    83 |   152 |   249 |   535 ||  1019
Throw: Javelin           |       |     2 |       |       ||     2
       Boomerang         |       |       |     2 |     6 ||     8
Invok: Berserk           |     1 |     4 |    11 |    21 ||    37
       Trog's Hand       |       |       |     2 |     3 ||     5
  Use: Scroll            |     5 |     3 |     8 |     6 ||    22
       Potion            |       |       |       |     1 ||     1
 Stab: Sleeping          |     1 |       |       |       ||     1
Armor: Animal skin       |    36 |    49 |    35 |     4 ||   124
       Robe              |       |       |       |    18 ||    18
       Steam dragon scal |       |       |       |    84 ||    84
Dodge: Dodged            |    41 |    87 |   116 |   241 ||   485
